 Dungeon Crawl Stone Soup version 0.30-a0-603-g51a0fb1b98 (webtiles) character file.

Game seed: 14383277115160537821

320 Leeroy the Ruffian (level 6, -1/47 HPs)
             Began as a Draconian Transmuter on Jan 7, 2023.
             Slain by Duvessa
             ... wielding a +0 rapier
              (11 damage)
             ... on level 4 of the Dungeon.
             The game lasted 00:04:01 (2936 turns).

Leeroy the Ruffian (Draconian Transmuter)           Turns: 2936, Time: 00:04:02

Health: -1/47      AC:  2    Str: 13    XL:     6   Next: 22%
Magic:  7/9        EV: 19    Int: 15    God:
Gold:   147        SH:  0    Dex: 16    Spells: 3/9 levels left

rFire   . . .      SeeInvis .      - Unarmed
rCold   . . .      Faith    .    (shield currently unavailable)
rNeg    . . .      Spirit   .    (body armour unavailable)
rPois   x          Reflect  .    (helmet currently unavailable)
rElec   .          Harm     .    (cloak currently unavailable)
rCorr   .          Rampage  .    (gloves currently unavailable)
Will    .....                    (boots currently unavailable)
Stlth   +                        (no amulet)
HPRegen 0.27/turn                (no ring)
MPRegen 0.11/turn                (no ring)

@: about to teleport, spider-form (expiring)
A: venomous fangs, AC +6, tiny, unfitting armour, (cold-blooded)
a: End Transformation


You were on level 4 of the Dungeon.
You were a venomous arachnid creature.
You visited 1 branch of the dungeon, and saw 4 of its levels.

You collected 227 gold pieces.
You spent 80 gold pieces at shops.

Inventory:

Armour
 i - a +0 pair of boots (melded)
 w - a +0 cloak (melded)
Jewellery
 d - a ring of ice
Wands
 o - a wand of roots (10)
Scrolls
 b - a scroll of immolation {unknown}
 f - a scroll of blinking {unknown}
 g - 2 scrolls of teleportation
 h - 4 scrolls of identify {unknown}
 l - a scroll of fear {unknown}
 p - 2 scrolls of magic mapping {unknown}
 s - a scroll of vulnerability {unknown}
 t - a scroll of fog {unknown}
 v - a scroll of poison {unknown}
Potions
 a - 2 potions of lignification
 c - 3 potions of curing
 e - a potion of might {unknown}
 j - 2 potions of haste {unknown}
 k - a potion of attraction {unknown}
 m - 2 potions of heal wounds
 n - a potion of invisibility {unknown}
 q - a potion of flight {unknown}
 r - a potion of brilliance {unknown}
 u - a potion of magic {unknown}


   Skills:
 - Level 1.1 Fighting
 - Level 1.7 Dodging
 + Level 6.9 Unarmed Combat
 - Level 2.0 Spellcasting
 * Level 2.2 Transmutations
 - Level 0.3 Poison Magic


You had 3 spell levels left.
You knew the following spells:

 Your Spells              Type           Power      Damage    Failure   Level
a - Beastly Appendage     Tmut           16%        N/A       22%         1
b - Wereblood             Tmut           8%         N/A       32%         2
c - Spider Form           Tmut/Pois      5%         N/A       58%         3

Your spell library contained the following spells:

 Spells                   Type           Power      Damage    Failure   Level
 Apportation              Tloc           2%         N/A       43%         1
 Magic Dart               Conj           4%         1d3       43%         1
 Call Imp                 Summ           1%         N/A       54%         2
 Cigotuvi's Dreadful Rot  Necr/Pois/Air  2%         N/A       54%         2
 Poisonous Vapours        Pois/Air       2%         N/A       54%         2
 Mephitic Cloud           Conj/Pois/Air  1%         N/A       75%         3
 Ice Form                 Ice/Tmut       4%         N/A       92%         4
 Alistair's Intoxication  Tmut/Pois      3%         N/A       99%         5


Dungeon Overview and Level Annotations

Branches:
Dungeon (4/15)
 Temple: D:4-7

Altars:
Ashenzari
Kikubaaqudgha
Sif Muna
Zin

Shops:
D:2 *

Annotations:
D:4 Duvessa


Innate Abilities, Weirdness & Mutations

You are a venomous arachnid creature.
You have poisonous fangs.
You are tiny and dextrous.
Your spellcasting is less reliable in this form.
Your armour is entirely melded.
You are incapable of wielding weapons or throwing items.
((Your plain brown scales are hard. (AC +6)))
You cannot fit into any form of body armour.
((You are cold-blooded and may be slowed by cold attacks.))


Message History

You bite Dowan!
Dowan looks as sick as possible!
Dowan is moderately wounded.
Duvessa, Sister of Dowan comes into view.
She is wielding a +0 rapier.
Dowan closely misses you.
You hit Dowan.
Dowan looks as sick as possible!
Dowan is heavily wounded.
Dowan misses you.
You hit the hobgoblin.
The hobgoblin is poisoned.
The hobgoblin is moderately wounded.
The hobgoblin completely misses you. The goblin hits you but does no damage.
Dowan closely misses you.
You hit Duvessa but do no damage.
Duvessa is poisoned.
Your transformation is almost over.
The goblin closely misses you. The hobgoblin completely misses you.
Dowan zaps a wand.
The puff of flame hits you. Duvessa closely misses you.
You hit Duvessa.
Duvessa looks as sick as possible!
Duvessa is lightly wounded.
Duvessa hits you with a +0 rapier! The hobgoblin misses you.
The goblin hits you with a +0 dagger. Dowan closely misses you.
You hit Dowan.
Dowan is almost dead.
The hobgoblin closely misses you. The goblin hits you with a +0 dagger.
Duvessa hits you with a +0 rapier!
Dowan points at you and mumbles some strange words.
The puff of flame hits you!
* * * LOW HITPOINT WARNING * * *
Okay, then.
As you read the scroll labelled VEESES FIORR, it crumbles to dust.
You feel strangely unstable.
It was a scroll of teleportation.
You kill Dowan!
Duvessa screams, "No!
How DARE you!"
Duvessa goes berserk!
The goblin barely misses you. The hobgoblin hits you.
* * * LOW HITPOINT WARNING * * *
Duvessa closely misses you.
Okay, then.
You kill the hobgoblin!
Duvessa attacks as you move away! Duvessa barely misses you.
Duvessa misses you. Duvessa hits you with a +0 rapier!
You die...

#.....# #.....#
#.....#
###.....############
#.........†........#
.#.)....#########.#
#=g....##.........
#.e....##.######..
#s####.##.##......
#......##.##.#....
#########.##.#.###
##....#<.#
#........#
#.######†# #.# ###.#
#.# #...# #.####.###


You could see Duvessa (berserk, very poisoned) and a goblin.

Vanquished Creatures
  Sigmund (D:3)
  Dowan (D:4)
  4 adders
  3 worms (D:2)
  3 dart slugs
  6 ball pythons
  7 endoplasms
  2 giant cockroaches (D:3)
  6 goblins
  8 hobgoblins
  A kobold (D:2)
  3 quokkas
  6 bats
  4 frilled lizards
  3 rats
58 creatures vanquished.

Notes
Turn   | Place    | Note
-------+----------+-------------------------------------------
     0 | D:1      | Leeroy the Draconian Transmuter began the quest for the
                  | Orb.
     0 | D:1      | Reached XP level 1. HP: 16/16 MP: 3/3
   459 | D:1      | Reached XP level 2. HP: 23/23 MP: 3/5
   718 | D:1      | Reached skill level 4 in Unarmed Combat
   941 | D:2      | Reached XP level 3. HP: 27/28 MP: 4/6
  1133 | D:2      | Learned a level 2 spell: Wereblood
  1137 | D:2      | Learned a level 3 spell: Spider Form
  1306 | D:2      | Found Atox's General Store.
  1326 | D:2      | Bought a potion of heal wounds for 50 gold pieces
  1326 | D:2      | Bought a potion of curing for 30 gold pieces
  1527 | D:2      | Found a shimmering blue altar of Sif Muna.
  1947 | D:3      | Reached skill level 5 in Unarmed Combat
  1947 | D:3      | Reached XP level 4. HP: 25/35 MP: 5/7
  1989 | D:3      | Found a broken altar of Ashenzari.
  2027 | D:3      | Found an ancient bone altar of Kikubaaqudgha.
  2027 | D:3      | Found a glowing silver altar of Zin.
  2318 | D:3      | Noticed Sigmund
  2367 | D:3      | Killed Sigmund
  2368 | D:3      | Reached skill level 6 in Unarmed Combat
  2368 | D:3      | Reached XP level 5. HP: 22/40 MP: 3/8
  2608 | D:3      | Reached XP level 6. HP: 47/47 MP: 7/9
  2923 | D:4      | Noticed Dowan
  2927 | D:4      | Noticed Duvessa
  2933 | D:4      | Killed Dowan
  2936 | D:4      | Slain by Duvessa

Illustrated notes

Levels and vault maps discovered:
D:1:      minmay_arrival_four_circles, layout_loops_corners, serial_park_tiny_1
D:2:      layout_basic, basic_altar, serial_shops, nicolae_diamond_shop,
          hex_large, fountainhead
D:3:      layout_basic, cheibrodos_ashenzari_chains, jmf_multi_god_temple,
          uniq_sigmund
D:4:      layout_basic, serial_rivers, chequers_serial_rivers_room_a,
          chequers_serial_rivers_room_a, chequers_serial_rivers_micro_e,
          chequers_serial_rivers_small_b, chequers_serial_rivers_micro_a,
          uniq_duvessa, uniq_robin, uniq_menkaure

Skill      XL: |  1  2  3  4 |
---------------+-------------+-----
Unarmed Combat | 4 5 6 |  6.9
Fighting       | |  1.1
Dodging        | |  1.7
Spellcasting   | |  2.0
Transmutations | |  2.2
Poison Magic   | |  0.3

Action                   |  1- 3 |  4- 6 || total
-------------------------+-------+-------++-------
Melee: Unarmed           |   109 |    65 ||   174
       Kick              |    14 |     2 ||    16
       Tailslap          |    12 |     6 ||    18
       Headbutt          |     3 |     4 ||     7
       Punch             |     2 |       ||     2
 Cast: Beastly Appendage |    11 |     7 ||    18
       Spider Form       |       |     2 ||     2
       Wereblood         |       |     1 ||     1
  Use: Scroll            |       |     1 ||     1
Armor: Skin              |    34 |    18 ||    52
Dodge: Dodged            |    70 |    45 ||   115

Table legend: (Time is in decaauts)
 A = Elapsed time spent in this place.
 B = Non-inter-level travel time spent in this place.
 C = Inter-level travel time spent in this place.
 D = Time resting spent in this place.
 E = Time spent auto-exploring this place.
 F = Levels seen in this place.
 G = Mean time per level.
                   A        B        C        D        E       F      G
               +--------+--------+--------+--------+--------+-----+--------+
         Total |   2920 |   2697 |    223 |      0 |   2255 |   4 |  730.0 |
       Dungeon |   2920 |   2697 |    223 |      0 |   2255 |   4 |  730.0 |
               +--------+--------+--------+--------+--------+-----+--------+

Top non-repeatable levels by time:
     D:2: 1007 daAuts
     D:1: 918 daAuts
     D:3: 901 daAuts
     D:4: 92 daAuts
